TOP OF THE 1ST |
---|
Maui Tropics batting - Pitching for Kalamazoo Royale with Cheese : RHP Jason Taylor | Pitching: RHP Jason Taylor | | Batting: LHB Don Hull | 0-0: Ball 1-0: Foul Ball, location: 2F 1-1: Foul Ball, location: 2F 1-2: Ball 2-2: Strikes out swinging | Batting: LHB Dave Cook | 0-0: Ball 1-0: Swinging Strike 1-1: Ball 2-1: Swinging Strike 2-2: Ball 3-2: Foul Ball, location: 2F 3-2: Base on Balls | Batting: RHB Jesús Espinoza | 0-0: Called Strike 0-1: DOUBLE (Flyball, 8LXD) Dave Cook to third | Batting: LHB Luis Antonio Torres | 0-0: Ground out U3 (Groundball, 3) | Batting: LHB José Rivas | 0-0: Swinging Strike 0-1: Ball 1-1: Ball 2-1: Ball 3-1: Foul Ball, location: 2F 3-2: Strikes out swinging | Top of the 1st over - 0 runs, 1 hit, 0 errors, 2 left on base; Maui 0 - Kalamazoo 0 | BOTTOM OF THE 1ST |
---|
Kalamazoo Royale with Cheese batting - Pitching for Maui Tropics : RHP José Ortíz | Pitching: RHP José Ortíz | | Batting: LHB Javier Espinoza | 0-0: Called Strike 0-1: Ball 1-1: Ball 2-1: Foul Ball, location: 2F 2-2: Ball 3-2: Fly out, F6 (Popup, 6MS) | Batting: SHB Caden Keith | 0-0: Called Strike 0-1: Swinging Strike 0-2: Ball 1-2: Strikes out looking | Batting: LHB Vincente Sáenz | 0-0: Ball 1-0: Called Strike 1-1: Fly out, F1 (Line Drive, 15) | Bottom of the 1st over - 0 runs, 0 hits, 0 errors, 0 left on base; Maui 0 - Kalamazoo 0 | TOP OF THE 2ND |
---|
Maui Tropics batting - Pitching for Kalamazoo Royale with Cheese : RHP Jason Taylor | Batting: RHB Michael Woodruff | 0-0: Ball 1-0: Swinging Strike 1-1: Foul Ball, location: 2F 1-2: Ball 2-2: Strikes out swinging | Batting: RHB Matt Silver | 0-0: Called Strike 0-1: Ball 1-1: Ball 2-1: Foul Ball, location: 2F 2-2: Strikes out swinging | Batting: LHB Mark Everett | 0-0: Ball 1-0: Foul Ball, location: 2F 1-1: SINGLE (Line Drive, 7S) | Batting: RHB John Brown | 0-0: Swinging Strike 0-1: Called Strike 0-2: Ball 1-2: Ball 2-2: Strikes out looking | Top of the 2nd over - 0 runs, 1 hit, 0 errors, 1 left on base; Maui 0 - Kalamazoo 0 | BOTTOM OF THE 2ND |
---|
Kalamazoo Royale with Cheese batting - Pitching for Maui Tropics : RHP José Ortíz | Batting: LHB Roberto Sandoval | 0-0: Called Strike 0-1: Ball 1-1: Fly out, F4 (Line Drive, 4) | Batting: RHB Zander Tremblett | 0-0: Ball 1-0: Ball 2-0: Foul Ball, location: 2F 2-1: Ball 3-1: Base on Balls | Batting: LHB Bill McJannett | 0-0: Ball 1-0: Swinging Strike 1-1: Foul Ball, location: 2F 1-2: Strikes out looking | Batting: LHB Ron Robinson | 0-0: Foul Ball, location: 2F 0-1: Ball 1-1: Ball 2-1: Swinging Strike 2-2: Ball 3-2: Foul Ball, location: 2F 3-2: Foul Ball, location: 2F 3-2: Foul Ball, location: 2F Balk! Zander Tremblett to second 3-2: SINGLE (Groundball, 56D) Zander Tremblett to third Zander Tremblett scores | Batting: LHB Francisco Calderón | 0-0: Ball 1-0: Ball 2-0: Ball 3-0: Called Strike 3-1: Foul Ball, location: 2F 3-2: Foul Ball, location: 2F 3-2: Ground out 4-3 (Groundball, 4) | Bottom of the 2nd over - 1 run, 1 hit, 0 errors, 1 left on base; Maui 0 - Kalamazoo 1 | TOP OF THE 3RD |
---|
Maui Tropics batting - Pitching for Kalamazoo Royale with Cheese : RHP Jason Taylor | Batting: LHB Don Hull | 0-0: Ball 1-0: Ball 2-0: Ball 3-0: Called Strike 3-1: Swinging Strike 3-2: Foul Ball, location: 2F 3-2: Base on Balls | Batting: LHB Dave Cook | 0-0: Ball 1-0: Ball 2-0: Foul Ball, location: 2F 2-1: Foul Ball, location: 2F 2-2: 2-RUN HOME RUN (Flyball, 7LD), Distance : 361 ft | Batting: RHB Jesús Espinoza | 0-0: Ball 1-0: SINGLE (Line Drive, 4MD) | Batting: LHB Luis Antonio Torres | 0-0: Swinging Strike 0-1: Swinging Strike 0-2: Strikes out swinging | Batting: LHB José Rivas | 0-0: Foul Ball, location: 2F 0-1: Swinging Strike 0-2: Strikes out looking | Batting: RHB Michael Woodruff | 0-0: Ball 1-0: Ball 2-0: Ground out U3 (Groundball, 3S) | Top of the 3rd over - 2 runs, 2 hits, 0 errors, 1 left on base; Maui 2 - Kalamazoo 1 | BOTTOM OF THE 3RD |
---|
Kalamazoo Royale with Cheese batting - Pitching for Maui Tropics : RHP José Ortíz | Batting: LHB Keith Tillman | 0-0: Called Strike 0-1: Ball 1-1: Ball 2-1: SINGLE (Groundball, 4D) | Batting: LHB Javier Espinoza | 0-0: Fly out, F8 (Flyball, 8LM) | Batting: SHB Caden Keith | 0-0: Ball 1-0: SINGLE (Flyball, 9LS) Keith Tillman to second Runner from 2nd tries for 3rd, SAFE, no throw | Batting: LHB Vincente Sáenz | 0-0: Called Strike 0-1: Called Strike 0-2: 3-RUN HOME RUN (Flyball, 7LD), Distance : 366 ft | Batting: LHB Roberto Sandoval | 0-0: Hit by Pitch | Batting: RHB Zander Tremblett | 0-0: Swinging Strike 0-1: Fly out, F6 (Popup, 6S) | Batting: LHB Bill McJannett | 0-0: Ball 1-0: Swinging Strike 1-1: Foul Ball, location: 2F 1-2: Strikes out swinging | Bottom of the 3rd over - 3 runs, 3 hits, 0 errors, 1 left on base; Maui 2 - Kalamazoo 4 | TOP OF THE 4TH |
---|
Maui Tropics batting - Pitching for Kalamazoo Royale with Cheese : RHP Jason Taylor | Batting: RHB Matt Silver | 0-0: Called Strike 0-1: Ball 1-1: Ground out 6-3 (Groundball, 6) | Batting: LHB Mark Everett | 0-0: Foul Ball, location: 2F 0-1: Ball 1-1: SINGLE (Groundball, 4D) | Batting: RHB John Brown | 0-0: Called Strike 0-1: Ball 1-1: Swinging Strike 1-2: Ball 2-2: Foul Ball, location: 2F 2-2: Fly out, F9 (Line Drive, 9) | Batting: LHB Don Hull | 0-0: Ball 1-0: Foul Ball, location: 2F 1-1: Ground out 4-3 (Groundball, 4S) | Top of the 4th over - 0 runs, 1 hit, 0 errors, 1 left on base; Maui 2 - Kalamazoo 4 | BOTTOM OF THE 4TH |
---|
Kalamazoo Royale with Cheese batting - Pitching for Maui Tropics : RHP José Ortíz | Batting: LHB Ron Robinson | 0-0: Swinging Strike 0-1: SINGLE (Line Drive, 6MD) | Batting: LHB Francisco Calderón | 0-0: Ball 1-0: Foul Ball, location: 2F 1-1: Ball 2-1: Ball 3-1: Called Strike 3-2: Grounds into double play, 6-4-3 (Groundball, 6) | Batting: LHB Keith Tillman | 0-0: Ball 1-0: Called Strike 1-1: Ball 2-1: Ball 3-1: SINGLE (Groundball, 4MD) | Batting: LHB Javier Espinoza | 0-0: Foul Ball, location: 2F 0-1: Ball 1-1: Foul Ball, location: 2F 1-2: Ball 2-2: Fly out, F6 (Popup, 6) | Bottom of the 4th over - 0 runs, 2 hits, 0 errors, 1 left on base; Maui 2 - Kalamazoo 4 | TOP OF THE 5TH |
---|
Maui Tropics batting - Pitching for Kalamazoo Royale with Cheese : RHP Jason Taylor | Batting: LHB Dave Cook | 0-0: Ball 1-0: Called Strike 1-1: Ball 2-1: Called Strike 2-2: Strikes out swinging | Batting: RHB Jesús Espinoza | 0-0: Ball 1-0: Ball 2-0: Called Strike 2-1: Ball 3-1: Fly out, F4 (Popup, 4) | Batting: LHB Luis Antonio Torres | 0-0: SINGLE (Groundball, 34D) | Batting: LHB José Rivas | 0-0: Ball 1-0: Swinging Strike 1-1: Called Strike 1-2: Strikes out swinging | Top of the 5th over - 0 runs, 1 hit, 0 errors, 1 left on base; Maui 2 - Kalamazoo 4 | BOTTOM OF THE 5TH |
---|
Kalamazoo Royale with Cheese batting - Pitching for Maui Tropics : RHP José Ortíz | Batting: SHB Caden Keith | 0-0: Ball 1-0: SINGLE (Flyball, 9LS) | Batting: LHB Vincente Sáenz | 0-0: Ball 1-0: Swinging Strike 1-1: Fielders Choice at 2nd, 4-6 (Groundball, 34) | Batting: LHB Roberto Sandoval | 0-0: Ground out 4-3 (Groundball, 34D) Vincente Sáenz to second | Batting: RHB Zander Tremblett | 0-0: Fly out, F3 (Flyball, 3D) | Bottom of the 5th over - 0 runs, 1 hit, 0 errors, 1 left on base; Maui 2 - Kalamazoo 4 | TOP OF THE 6TH |
---|
Maui Tropics batting - Pitching for Kalamazoo Royale with Cheese : RHP Jason Taylor | Batting: RHB Michael Woodruff | 0-0: Ground out 6-3 (Groundball, 6S) | Batting: RHB Matt Silver | 0-0: Ground out 6-3 (Groundball, 6) | Batting: LHB Mark Everett | 0-0: Called Strike 0-1: Ball 1-1: SINGLE (Flyball, 89M) | Batting: RHB John Brown | 0-0: Foul Ball, location: 2F 0-1: Ball 1-1: Ball 2-1: Ball 3-1: DOUBLE (Line Drive, 7LS) Mark Everett to third Runner from 3rd tries for Home, SAFE, no throw | Batting: LHB Don Hull | 0-0: Called Strike 0-1: Called Strike 0-2: Ball 1-2: Ball 2-2: Ball 3-2: Foul Ball, location: 2F 3-2: Foul Ball, location: 2F 3-2: Foul Ball, location: 2F 3-2: Ground out 4-3 (Groundball, 4) | Top of the 6th over - 1 run, 2 hits, 0 errors, 1 left on base; Maui 3 - Kalamazoo 4 | BOTTOM OF THE 6TH |
---|
Kalamazoo Royale with Cheese batting - Pitching for Maui Tropics : RHP José Ortíz | Batting: LHB Bill McJannett | 0-0: Called Strike 0-1: Foul Ball, location: 2F 0-2: Foul Ball, location: 2F 0-2: Ball 1-2: Ball 2-2: Ball 3-2: Strikes out swinging | Batting: LHB Ron Robinson | 0-0: Ball 1-0: Ball 2-0: Fly out, F6 (Popup, 6M) | Batting: LHB Francisco Calderón | 0-0: Fly out, F8 (Flyball, 8RS) | Bottom of the 6th over - 0 runs, 0 hits, 0 errors, 0 left on base; Maui 3 - Kalamazoo 4 | TOP OF THE 7TH |
---|
Maui Tropics batting - Pitching for Kalamazoo Royale with Cheese : RHP Jason Taylor | Pitching: LHP Carlos Thomas | | Batting: LHB Dave Cook | 0-0: Called Strike 0-1: Ball 1-1: Called Strike 1-2: Strikes out looking | Pitching: RHP Armen Boyajian | | Batting: RHB Jesús Espinoza | 0-0: Ball 1-0: Ball 2-0: Called Strike 2-1: Swinging Strike 2-2: Foul Ball, location: 2F 2-2: Ball 3-2: SINGLE (Line Drive, 56) | Pitching: LHP Manuel Herrera | | Batting: LHB Luis Antonio Torres | 0-0: Called Strike 0-1: Ball 1-1: Ball 2-1: Fly out, F5 (Popup, 5L) | Batting: LHB José Rivas | 0-0: Ball 1-0: Called Strike 1-1: Ground out 4-3 (Groundball, 34) | Top of the 7th over - 0 runs, 1 hit, 0 errors, 1 left on base; Maui 3 - Kalamazoo 4 | BOTTOM OF THE 7TH |
---|
Kalamazoo Royale with Cheese batting - Pitching for Maui Tropics : RHP José Ortíz | Batting: LHB Keith Tillman | 0-0: Called Strike 0-1: Fly out, F7 (Line Drive, 7D) | Batting: LHB Javier Espinoza | 0-0: Ground out 5-3 (Groundball, 56) | Batting: SHB Caden Keith | 0-0: Foul Ball, location: 2F 0-1: Ball 1-1: Ground out 5-3 (Groundball, 56) | Bottom of the 7th over - 0 runs, 0 hits, 0 errors, 0 left on base; Maui 3 - Kalamazoo 4 | TOP OF THE 8TH |
---|
Maui Tropics batting - Pitching for Kalamazoo Royale with Cheese : LHP Manuel Herrera | Pitching: RHP Rikiya Sakurai | | Batting: RHB Michael Woodruff | 0-0: Called Strike 0-1: SINGLE (Groundball, 4D) | Pitching: RHP Frank Davis | | Batting: RHB Matt Silver | 0-0: Bunt missed! 0-1: Bunted foul 0-2: Foul Ball, location: 2F 0-2: Foul Ball, location: 2F 0-2: Ball 1-2: Ball 2-2: Foul Ball, location: 2F 2-2: Foul Ball, location: 2F 2-2: Ball 3-2: Ground out 5-3 (Groundball, 5) Michael Woodruff to second | Batting: LHB Mark Everett | 0-0: Fly out, F6 (Popup, 6MS) | Batting: RHB John Brown | 0-0: Called Strike 0-1: Foul Ball, location: 2F 0-2: Ball 1-2: Strikes out looking | Top of the 8th over - 0 runs, 1 hit, 0 errors, 1 left on base; Maui 3 - Kalamazoo 4 | BOTTOM OF THE 8TH |
---|
Kalamazoo Royale with Cheese batting - Pitching for Maui Tropics : RHP José Ortíz | Pitching: RHP César Rúbio | | Batting: LHB Vincente Sáenz | 0-0: Foul Ball, location: 2F 0-1: Ball 1-1: Ball 2-1: Foul Ball, location: 2F 2-2: Strikes out swinging | Batting: LHB Roberto Sandoval | 0-0: Called Strike 0-1: Ball 1-1: Ball 2-1: Ball 3-1: Foul Ball, location: 2F 3-2: Base on Balls | Batting: RHB Zander Tremblett | 0-0: Called Strike 0-1: Ball Wild Pitch! Roberto Sandoval to second 1-1: Swinging Strike 1-2: Ball 2-2: Strikes out swinging | Batting: LHB Bill McJannett | 0-0: Called Strike 0-1: Foul Ball, location: 2F 0-2: Fly out, F5 (Popup, 56) | Bottom of the 8th over - 0 runs, 0 hits, 0 errors, 1 left on base; Maui 3 - Kalamazoo 4 | TOP OF THE 9TH |
---|
Maui Tropics batting - Pitching for Kalamazoo Royale with Cheese : RHP Frank Davis | Batting: LHB Don Hull | 0-0: Called Strike 0-1: Ball 1-1: Called Strike 1-2: Foul Ball, location: 2F 1-2: Strikes out looking | Batting: LHB Dave Cook | 0-0: Ball 1-0: Called Strike 1-1: Ball 2-1: Called Strike 2-2: Foul Ball, location: 2F 2-2: Ball 3-2: Foul Ball, location: 2F 3-2: Foul Ball, location: 2F 3-2: Strikes out swinging | Batting: RHB Jesús Espinoza | 0-0: Ball 1-0: Ball 2-0: Foul Ball, location: 2F 2-1: Swinging Strike 2-2: Strikes out swinging | Top of the 9th over - 0 runs, 0 hits, 0 errors, 0 left on base; Maui 3 - Kalamazoo 4 | |